Map: Ascension vers Aïur EC

Players

MetalnøiR

  • Race: Zerg Zerg
  • League: Master
  • Spawn Location: 5:00

Kalidarius - Winner!

  • Race: Terran Terran
  • Spawn Location: 11:00

VOD

Have the link to the VOD?

Description

Proxy ghost into hellion vs zerg master

Time

  • Played on: Dec. 7, 2017, 12:07 p.m.
  • Length: 11:16
Show
View Real Time Build Order
Export as new Build Order

MetalnøiR Zerg 

Build Orders: Hatch First 

Get SALT Encoding   

  12  0:01  Drone  
  13  0:17  Overlord  
  13  0:22  Drone  
  14  0:36  Drone x2  
  14  0:40  Drone  
  17  0:56  Hatchery  
  16  0:58  Drone  
  16  1:01  Extractor  
  16  1:15  Spawning Pool  
  16  1:17  Drone  
  16  1:21  Drone  
  17  1:38  Drone x2  
  19  1:51  Overlord  
  19  2:02  Queen  
  19  2:04  Zergling x2  
  19  2:07  Metabolic Boost  
  22  2:12  Drone x2  
  22  2:15  Queen  
  24  2:21  Zergling x2  
  27  2:26  Drone  
  28  2:36  Drone x2  
  30  2:48  Drone x3  
  33  2:54  Queen  
  33  2:55  Drone  
  36  3:18  Overlord x2  
  36  3:27  Baneling Nest  
  36  3:28  Hatchery, Lair  
  36  3:31  Drone x2  
  36  3:40  Drone  
  36  3:41  Drone x2  
  38  3:52  Drone x5  
  38  3:53  Drone x2  
  45  3:56  Extractor  
  45  3:59  Zergling x6  
  47  4:11  Spore Crawler  
  47  4:14  Extractor  
  47  4:15  Spore Crawler  
  44  4:17  Spine Crawler  
  24  4:28  Overseer  
  23  4:45  Spore Crawler  
  20  4:55  Drone  
  20  4:56  Drone x9  
  20  4:57  Drone  
  31  5:06  Drone x2  
  33  5:12  Drone  
  33  5:22  Zergling x6  
  33  5:23  Zergling x2  
  32  5:53  Drone x4  
  32  5:54  Drone x5  
  32  5:56  Centrifical Hooks  
  41  6:00  Extractor, Drone  
  41  6:14  Spore Crawler  
  41  6:16  Spore Crawler  
  41  6:17  Drone x2  
  41  6:24  Spore Crawler  
  40  6:25  Spore Crawler  
  40  6:26  Spine Crawler, Drone x2  
  40  6:34  Drone x4  
  40  6:37  Drone  
  45  6:40  Drone x2  
  47  6:48  Overlord x2  
  47  6:53  Drone x2  
  49  7:01  Baneling x7  
  49  7:02  Baneling x2  
  49  7:12  Spine Crawler  
  49  7:14  Spine Crawler  
  43  7:22  Zergling x2  
  43  7:23  Zergling x14  
  49  7:40  Zergling x6  
  53  7:47  Drone x2  
  19  7:56  Evolution Chamber  
  18  7:59  Drone x2  
  18  8:00  Roach Warren  
  18  8:05  Drone  
  20  8:17  Drone  
  20  8:18  Drone  
  22  8:26  Zerg Missile Weapons Level 1  
  22  8:30  Drone  
  23  8:34  Drone  
  19  8:48  Roach x2  
  19  8:49  Roach  
  19  8:52  Drone  
  26  8:56  Glial Reconstitution  
  26  9:01  Drone  
  27  9:04  Drone  
  28  9:11  Roach  
  28  9:12  Roach  
  32  9:22  Spine Crawler  
  31  9:24  Drone  
  31  9:25  Drone  
  31  9:29  Drone x2  
  35  9:37  Roach x2  
  39  9:43  Drone x2  
  41  9:48  Drone x3  
  41  9:52  Roach  
  45  9:55  Roach  
  38  10:19  Roach x4  
  38  10:38  Zergling x4  
  38  10:39  Zergling x2  
  27  10:53  Drone x2  
  27  10:54  Drone  
Show
View Real Time Build Order
Export as new Build Order

Kalidarius Terran - Winner!

Build Orders:  

Get SALT Encoding   

  12  0:01  SCV  
  13  0:13  SCV  
  14  0:25  Supply Depot  
  14  0:27  SCV  
  15  0:40  Refinery  
  15  0:52  Refinery  
  15  0:59  Barracks  
  15  1:07  SCV  
  16  1:19  SCV  
  17  1:31  Supply Depot  
  18  1:32  SCV  
  18  1:46  SCV  
  19  1:54  Factory  
  19  2:02  Ghost Academy, Barracks Tech Lab  
  19  2:15  Orbital Command  
  19  2:35  Ghost  
  21  2:40  Hellion  
  23  2:50  Nuke  
  23  3:04  Factory Reactor  
  23  3:14  Ghost  
  25  3:21  SCV  
  25  3:47  Hellion x2  
  26  4:07  Nuke  
  26  4:12  Hellion x2  
  30  4:19  Armory  
  30  4:28  Supply Depot  
  30  4:30  Supply Depot  
  30  4:49  Ghost  
  30  5:03  Hellion x2  
  32  5:25  Hellion  
  28  5:54  Hellion x2  
  28  5:55  Terran Vehicle Weapons Level 1  
  32  6:08  Ghost  
  32  6:18  Command Center  
  32  6:26  Cyclone  
  32  6:27  Cyclone  
  32  6:29  SCV  
  39  6:37  Ghost  
  31  7:50  Ghost  
  33  7:58  Hellion x2  
  33  8:00  Terran Vehicle And Ship Armor Level 1  
  33  8:04  Moebius Reactor  
  33  8:14  Orbital Command  
  33  8:15  Engineering Bay  
  33  8:18  Ghost  
  39  8:20  Hellion x2  
  34  8:41  Hellion x2  
  30  9:01  Nuke  
  30  9:04  Ghost  
  32  9:28  Hellion, Starport  
  32  9:29  Hellion  
  36  9:37  Marauder  
  38  9:50  Hellion x2  
  42  10:11  Hellion  
  42  10:35  SCV x2  
  44  10:40  Starport Reactor  
  44  10:47  SCV x2  
  46  10:59  SCV  
Tags
 
Add a new tag
Caveats
  • Supply blocks, unpowered buildings, or Contaminate may cause inaccurate times.
  • Supply counts are checked every 10 seconds.